 Dungeon Crawl Stone Soup version 0.31.0 (webtiles) character file.

Game seed: 638633424314676597

4 gelatine the Apothecary (level 1, 0/13 HPs)
             Began as a Demonspawn Alchemist on Jan 19, 2024.
             Slain by a goblin
             ... wielding a +0 club
              (3 damage)
             ... on level 1 of the Dungeon.
             The game lasted 00:00:53 (79 turns).

gelatine the Apothecary (Demonspawn Alchemist)        Turns: 79, Time: 00:00:54

Health: 0/13       AC:  2    Str:  8    XL:     1   Next: 58%
Magic:  0/3        EV: 12    Int: 15    God:
Gold:   0          SH:  0    Dex: 13    Spells: 3/4 levels left

rFire   . . .        (no weapon)
rCold   . . .        (no shield)
rNeg    . . .        a - +0 robe
rPois   .            (no helmet)
rElec   .            (no cloak)
rCorr   .            (no gloves)
SInv    .            (no boots)
Will    .....        (no amulet)
Stlth   ++           (no ring)
HPRegen 0.22/turn    (no ring)
MPRegen 0.08/turn

%: no passive effects
@: no status effects
A: no striking features
a: no special abilities


You were on level 1 of the Dungeon.
You visited 1 branch of the dungeon, and saw 1 of its levels.

Inventory:

Armour
 a - a +0 robe (worn)
Potions
 b - a potion of magic


   Skills:
 + Level 1.8 Dodging
 + Level 1.9 Stealth
 + Level 2.0 Spellcasting
 + Level 1.0 Conjurations
 + Level 3.1 Alchemy


You had 3 spell levels left.
You knew the following spells:

 Your Spells              Type           Power      Damage    Failure   Level
a - Sting                 Conj/Alch      28%        1d4       10%         1

Your spell library contained the following spells:

 Spells                   Type           Power      Damage    Failure   Level
 Mercury Vapours          Alch/Air       12%        N/A       17%         2
 Mephitic Cloud           Conj/Alch/Air  5%         N/A       36%         3
 Olgreb's Toxic Radiance  Alch           11%        N/A       52%         4
 Sticky Flame             Fire/Alch      6%         2d4       75%         4


Dungeon Overview and Level Annotations

Branches:
Dungeon (1/15)

Altars:


Message History

The hobgoblin attacks as it pursues you!
The hobgoblin closely misses you.
You kill the hobgoblin!
The sting misses the ball python.
The sting hits the goblin.
The goblin is poisoned.
The goblin is moderately wounded.
The ball python misses you. The ball python grabs you.
The ball python constricts you.
You escape the ball python's grasp.
The ball python bites you but does no damage.
The ball python misses you. The ball python bites you.
The ball python closely misses you.
The sting hits the ball python.
The ball python is poisoned.
You kill the ball python!
You kill the goblin!
The dart slug launches a dart at you. The slug dart hits you.
The goblin barely misses you.
You see here a +0 club.
The sting misses the goblin.
The rat squeaks loudly.
The goblin barely misses you.
You hit the goblin but do no damage. The goblin misses you.
You hit the goblin but do no damage. The goblin hits you with a +0 club.
The goblin attacks as it pursues you! The goblin hits you but does no damage.
A hobgoblin comes into view.
The rat misses you. The goblin attacks as it pursues you!
The goblin barely misses you. The goblin attacks as it pursues you!
The goblin barely misses you.
The sting hits the goblin but does no damage.
The goblin is poisoned.
The goblin barely misses you.
You hit the goblin but do no damage. The goblin hits you with a +0 club.
You hit the goblin but do no damage. The goblin misses you.
You hit the goblin but do no damage. The goblin hits you with a +0 club.
You closely miss the goblin.
The goblin is moderately wounded.
The goblin looks more healthy.
The goblin hits you with a +0 club.
* * * LOW HITPOINT WARNING * * *
The goblin attacks as it pursues you! The goblin barely misses you.
The goblin attacks as it pursues you! The goblin hits you with a +0 club.
You die...

### ..# #.. ... ##.#
..# ### #.# #.. #@##
### #.#######g.##
.... #.##.w.r....# #.
..##.#..####...# ##.
...#.## ##..#
#..#####.#.# .##
#...#......## ..
#.....≈≈≈≈w.####.§§≈
#..#.≈≈≈≈≈≈.....g≈§§≈


You could see a goblin.

Vanquished Creatures
  A goblin (D:1)
  2 hobgoblins (D:1)
  A ball python (D:1)
4 creatures vanquished.

Notes
Turn   | Place    | Note
-------+----------+-------------------------------------------
     0 | D:1      | gelatine the Demonspawn Alchemist began the quest for the
                  | Orb.
     0 | D:1      | Reached XP level 1. HP: 13/13 MP: 3/3
    79 | D:1      | Slain by a goblin

Illustrated notes

Levels and vault maps discovered:
D:1:      dpeg_arrival_pits, layout_basic

Action                     || total
---------------------------++-------
  Melee: Unarmed           ||     7
   Cast: Sting             ||     8
 Armour: Robe              ||    16
  Dodge: Dodged            ||    21
